MLB
PITTSBURGH PIRATES @ COLORADO ROCKIES
03/05/2047
 
TOP OF THE 1ST
Pittsburgh Pirates batting - Pitching for Colorado Rockies : RHP Jaden Mackey
Pitching: RHP Jaden Mackey
Batting: LHB Xavier Pittman 0-0: Ball
1-0: Foul Ball, location: 2F
1-1: Called Strike
1-2: Ball
2-2: Strikes out swinging
Batting: LHB Micah Boshnjaku 0-0: Called Strike
0-1: Foul Ball, location: 2F
0-2: Ball
1-2: Ball
2-2: Ball
3-2: Foul Ball, location: 2F
3-2: Foul Ball, location: 2F
3-2: Strikes out swinging
Batting: RHB Mike Bates 0-0: SINGLE (Groundball, 4S, EV 70.6 MPH) (infield hit)
Batting: RHB David Contreras 0-0: Ball
1-0: Ball
2-0: Ball
3-0: Called Strike
3-1: Called Strike
3-2: Ground out 1-3 (Groundball, 13S, EV 61.2 MPH)
Top of the 1st over - 0 runs, 1 hit, 0 errors, 1 left on base; Pittsburgh 0 - Colorado 0
BOTTOM OF THE 1ST
Colorado Rockies batting - Pitching for Pittsburgh Pirates : LHP Sam Richardson
Pitching: LHP Sam Richardson
Batting: SHB Eddie Quinones 0-0: Called Strike
0-1: Swinging Strike
0-2: Ball
1-2: Strikes out looking
Batting: LHB Freddy Troncoso 0-0: Called Strike
0-1: Fly out, F7 (Flyball, 78M, EV 93.1 MPH)
Batting: RHB Joel Haycock 0-0: Ball
1-0: Called Strike
1-1: Ball
2-1: DOUBLE (Line Drive, 9LM, EV 99.4 MPH)
Batting: SHB Andy Vivas 0-0: Swinging Strike
0-1: Called Strike
0-2: Ball
1-2: Strikes out swinging
Bottom of the 1st over - 0 runs, 1 hit, 0 errors, 1 left on base; Pittsburgh 0 - Colorado 0
TOP OF THE 2ND
Pittsburgh Pirates batting - Pitching for Colorado Rockies : RHP Jaden Mackey
Batting: LHB Davey Schonewille 0-0: Ball
1-0: Ball
2-0: Fly out, F9 (Flyball, 9, EV 90.0 MPH)
Batting: RHB Adam Burke 0-0: Called Strike
0-1: Ball
1-1: Called Strike
1-2: Ball
2-2: SINGLE (Line Drive, 8RS, EV 109.4 MPH)
Batting: RHB Chris Pozzi 0-0: Called Strike
0-1: Swinging Strike
0-2: Ball
1-2: Ball
2-2: Ball
3-2: Fly out, F4 (Popup, 3L, EV 75.6 MPH)
Batting: LHB Marc Carter 0-0: Fly out, F9 (Flyball, 89D, EV 96.9 MPH)
Top of the 2nd over - 0 runs, 1 hit, 0 errors, 1 left on base; Pittsburgh 0 - Colorado 0
BOTTOM OF THE 2ND
Colorado Rockies batting - Pitching for Pittsburgh Pirates : LHP Sam Richardson
Batting: SHB Billy Encinias 0-0: Fly out, F4 (Line Drive, 4M, EV 72.5 MPH)
Batting: SHB Jon Munoz 0-0: Called Strike
0-1: Ball
1-1: Ground out 5-3 (Groundball, 56, EV 103.8 MPH)
Batting: LHB Greg Valenzuela 0-0: Ball
1-0: Ball
2-0: Called Strike
2-1: Ground out 4-3 (Groundball, 4, EV 77.5 MPH)
Bottom of the 2nd over - 0 runs, 0 hits, 0 errors, 0 left on base; Pittsburgh 0 - Colorado 0
TOP OF THE 3RD
Pittsburgh Pirates batting - Pitching for Colorado Rockies : RHP Jaden Mackey
Batting: SHB Trevor Weareorwear 0-0: Reached on error, E5 (Groundball, 56, EV 82.5 MPH)
Batting: LHB Xavier Pittman 0-0: Foul Ball, location: 2F
0-1: Foul Ball, location: 2F
0-2: Strikes out swinging
Batting: LHB Micah Boshnjaku 0-0: Ball
1-0: Called Strike
1-1: Ball
2-1: SINGLE (Groundball, 34D, EV 109.4 MPH)
Trevor Weareorwear to second
Batting: RHB Mike Bates 0-0: 3-RUN HOME RUN (Flyball, 8RXD, EV 115.6 MPH), Distance : 460 ft
Batting: RHB David Contreras 0-0: Ball
1-0: Foul Ball, location: 2F
1-1: SINGLE (Groundball, 6M, EV 88.1 MPH) (infield hit)
Batting: LHB Davey Schonewille 0-0: Ball
1-0: Foul Ball, location: 2F
1-1: Ball
2-1: Ball
3-1: Fielders Choice at 2nd, 4-6 (Groundball, 4, EV 86.2 MPH)
Batting: RHB Adam Burke 0-0: DOUBLE (Groundball, 5L, EV 95.0 MPH)
Davey Schonewille to third
Runner from 3rd tries for Home, throw by LF and OUT! 7-6-2
Top of the 3rd over - 3 runs, 4 hits, 1 error, 1 left on base; Pittsburgh 3 - Colorado 0
BOTTOM OF THE 3RD
Colorado Rockies batting - Pitching for Pittsburgh Pirates : LHP Sam Richardson
Batting: LHB Robert Watson 0-0: Called Strike
0-1: Foul Ball, location: 2F
0-2: Ball
1-2: Ball
2-2: Strikes out looking
Batting: RHB Sterling Acosta 0-0: Ball
1-0: Ball
2-0: Foul Ball, location: 2F
2-1: Fly out, F3 (Line Drive, 3L, EV 64.4 MPH)
Batting: SHB Eddie Quinones 0-0: Fly out, F8 (Flyball, 89S, EV 88.8 MPH)
Bottom of the 3rd over - 0 runs, 0 hits, 0 errors, 0 left on base; Pittsburgh 3 - Colorado 0
TOP OF THE 4TH
Pittsburgh Pirates batting - Pitching for Colorado Rockies : RHP Jaden Mackey
Batting: RHB Chris Pozzi 0-0: Called Strike
0-1: Ball
1-1: Ball
2-1: Fly out, F9 (Flyball, 9LS, EV 75.0 MPH)
Batting: LHB Marc Carter 0-0: Ball
1-0: Foul Ball, location: 2F
1-1: Ball
2-1: Fly out, F9 (Flyball, 9LS, EV 95.6 MPH)
Batting: SHB Trevor Weareorwear 0-0: Swinging Strike
0-1: Swinging Strike
0-2: Ball
1-2: Strikes out looking
Top of the 4th over - 0 runs, 0 hits, 0 errors, 0 left on base; Pittsburgh 3 - Colorado 0
BOTTOM OF THE 4TH
Colorado Rockies batting - Pitching for Pittsburgh Pirates : LHP Sam Richardson
Batting: LHB Freddy Troncoso 0-0: Ball
1-0: Ball
2-0: Ball
3-0: Called Strike
3-1: Base on Balls
Batting: RHB Joel Haycock 0-0: Swinging Strike
0-1: Ball
1-1: DOUBLE (Line Drive, 9LD, EV 110.6 MPH)
Freddy Troncoso to third
Batting: SHB Andy Vivas 0-0: Called Strike
0-1: Swinging Strike
0-2: Foul Ball, location: 2F
0-2: Strikes out swinging
Batting: SHB Billy Encinias 0-0: Ball
1-0: Called Strike
1-1: Ball
2-1: Swinging Strike
2-2: Strikes out swinging
Batting: SHB Jon Munoz 0-0: Ball
1-0: Swinging Strike
1-1: Foul Ball, location: 2F
1-2: SINGLE (Groundball, 56S, EV 69.4 MPH) (infield hit)
Freddy Troncoso scores
Joel Haycock to third
Batting: LHB Greg Valenzuela 0-0: Called Strike
0-1: Ball
1-1: Swinging Strike
1-2: Foul Ball, location: 2F
1-2: Ball
2-2: Ball
3-2: Base on Balls
Jon Munoz to second
Batting: LHB Robert Watson 0-0: Called Strike
0-1: Ball
1-1: Ball
2-1: DOUBLE (Groundball, 3L, EV 106.2 MPH)
Joel Haycock scores
Jon Munoz scores
Greg Valenzuela to third
Runner from 3rd tries for Home, SAFE, no throw by RF
Batting: RHB Sterling Acosta 0-0: Ball
1-0: Foul Ball, location: 2F
1-1: Foul Ball, location: 2F
1-2: Fly out, F4 (Popup, 34D, EV 73.8 MPH)
Bottom of the 4th over - 4 runs, 3 hits, 0 errors, 1 left on base; Pittsburgh 3 - Colorado 4
TOP OF THE 5TH
Pittsburgh Pirates batting - Pitching for Colorado Rockies : RHP Jaden Mackey
Now at 3B: Justin Williams
Pinch Hitting: RHB Eisse Bravenboer 0-0: Ball
1-0: Called Strike
1-1: Foul Ball, location: 2F
1-2: Ball
2-2: Ground out 3-1 (Groundball, 34, EV 90.0 MPH)
Pinch Hitting: RHB Luis Ramos 0-0: Fly out, F7 (Flyball, 7, EV 98.8 MPH)
Pinch Hitting: SHB Brad Day 0-0: Called Strike
0-1: Foul Ball, location: 2F
0-2: Ball
1-2: Strikes out swinging, 2-3 out at first.
Top of the 5th over - 0 runs, 0 hits, 0 errors, 0 left on base; Pittsburgh 3 - Colorado 4
BOTTOM OF THE 5TH
Colorado Rockies batting - Pitching for Pittsburgh Pirates : LHP Sam Richardson
Pitching: RHP Walt Quinn
Now at 1B: Eisse Bravenboer
Now at 2B: Trevor Weareorwear
Now at 3B: Brad Day
Now in LF: Raul Mendoza
Now in CF: Luis Ramos
Now in RF: Marc Carter
Batting: RHB Henry Alvizo 0-0: Called Strike
0-1: Ball
1-1: Ball
2-1: Foul Ball, location: 2F
2-2: Foul Ball, location: 2F
2-2: Foul Ball, location: 2F
2-2: Ball
3-2: Foul Ball, location: 2F
3-2: Foul Ball, location: 2F
3-2: Base on Balls
Batting: LHB Freddy Troncoso 0-0: Called Strike
0-1: SINGLE (Groundball, 4M, EV 105.0 MPH) (infield hit)
Henry Alvizo to second
Pinch Hitting: RHB Eduardo Camacho 0-0: Ball
1-0: Grounds into double play, 5-4-3 (Groundball, 56, EV 83.1 MPH)
Henry Alvizo to third
Batting: RHB Justin Williams 0-0: Called Strike
0-1: Ball
1-1: Foul Ball, location: 2F
1-2: Strikes out swinging
Bottom of the 5th over - 0 runs, 1 hit, 0 errors, 1 left on base; Pittsburgh 3 - Colorado 4
TOP OF THE 6TH
Pittsburgh Pirates batting - Pitching for Colorado Rockies : RHP Jaden Mackey
Pitching: LHP Eric Zielinski
Now at C: Chris Besselman
Now at 1B: Eduardo Camacho
Pinch Hitting: RHB Bubba Tierney 0-0: Ball
1-0: SINGLE (Groundball, 34D, EV 101.2 MPH)
Batting: RHB Raul Mendoza 0-0: Called Strike
0-1: Called Strike
0-2: Strikes out swinging
Batting: SHB Marvin McAleer 0-0: Ball
1-0: Called Strike
1-1: Ground out 5-3 (Groundball, 56S, EV 78.8 MPH)
Bubba Tierney to second
Batting: RHB Chris Pozzi 0-0: Called Strike
0-1: Ball
1-1: Ball
2-1: Called Strike
2-2: Foul Ball, location: 2F
2-2: Strikes out swinging
Top of the 6th over - 0 runs, 1 hit, 0 errors, 1 left on base; Pittsburgh 3 - Colorado 4
BOTTOM OF THE 6TH
Colorado Rockies batting - Pitching for Pittsburgh Pirates : RHP Walt Quinn
Now at SS: Bubba Tierney
Now in LF: Jorge Quintana
Now in RF: Raul Mendoza
Batting: SHB Chris Besselman 0-0: Called Strike
0-1: Ball
1-1: Foul Ball, location: 2F
1-2: Foul Ball, location: 2F
1-2: Ball
2-2: Ball
3-2: Foul Ball, location: 2F
3-2: Base on Balls
Pinch Hitting: SHB Chris Blue 0-0: Called Strike
0-1: Foul Ball, location: 2F
0-2: Foul Ball, location: 2F
0-2: Fielders Choice at 2nd, 4-6 (Groundball, 34, EV 96.2 MPH)
Pinch Hitting: RHB Jason Andrews 0-0: Swinging Strike
0-1: Foul Ball, location: 2F
0-2: Ball
1-2: Foul Ball, location: 2F
1-2: Foul Ball, location: 2F
1-2: Strikes out looking
Batting: LHB Robert Watson 0-0: Ball
1-0: Ball
2-0: Foul Ball, location: 2F
2-1: Ball
Chris Blue steals 2nd base (no throw)
3-1: Foul Ball, location: 2F
3-2: Base on Balls
Pinch Hitting: LHB Mike Clark 0-0: Fly out, F8 (Line Drive, 8LM, EV 98.1 MPH)
Bottom of the 6th over - 0 runs, 0 hits, 0 errors, 2 left on base; Pittsburgh 3 - Colorado 4
TOP OF THE 7TH
Pittsburgh Pirates batting - Pitching for Colorado Rockies : LHP Eric Zielinski
Pitching: LHP Bill Ogren
Now at 2B: Mike Clark
Now at SS: Chris Blue
Now in LF: Jason Andrews
Batting: LHB Jorge Quintana 0-0: Ball
1-0: Swinging Strike
1-1: Ball
2-1: Ground out U3 (Groundball, 3, EV 90.6 MPH)
Pinch Hitting: RHB Andrew Robinson 0-0: Called Strike
0-1: Called Strike
0-2: Ball
1-2: SOLO HOME RUN (Flyball, 78XD, EV 107.5 MPH), Distance : 439 ft
Batting: RHB Eisse Bravenboer 0-0: Called Strike
0-1: Ball
1-1: Called Strike
1-2: Strikes out swinging
Batting: RHB Luis Ramos 0-0: Called Strike
0-1: Ball
1-1: Bunt for hit to P - play at first, batter OUT! 1-3
Top of the 7th over - 1 run, 1 hit, 0 errors, 0 left on base; Pittsburgh 4 - Colorado 4
Top of the 7th over - 1 run, 1 hit, 0 errors, 0 left on base; Pittsburgh 4 - Colorado 4
BOTTOM OF THE 7TH
Colorado Rockies batting - Pitching for Pittsburgh Pirates : RHP Walt Quinn
Pitching: RHP Jeremy Kennie
Now at 1B: Andrew Robinson
Now at 2B: Eisse Bravenboer
Batting: RHB Henry Alvizo 0-0: Called Strike
0-1: Swinging Strike
0-2: Foul Ball, location: 2F
0-2: Strikes out swinging
Batting: LHB Freddy Troncoso 0-0: Ball
1-0: Hit by Pitch
Batting: RHB Eduardo Camacho 0-0: Swinging Strike
0-1: Called Strike
0-2: Ball
1-2: Strikes out swinging
Batting: RHB Justin Williams 0-0: Called Strike
0-1: Ball
1-1: Ball
2-1: SINGLE (Groundball, 56D, EV 103.1 MPH)
Freddy Troncoso to second
Runner from 2nd tries for 3rd, SAFE, throw by LF made to third
Justin Williams to second
Batting: SHB Chris Besselman 0-0: Called Strike
0-1: Ball
1-1: Ground out 3-1 (Groundball, 34S, EV 66.2 MPH)
Bottom of the 7th over - 0 runs, 1 hit, 0 errors, 2 left on base; Pittsburgh 4 - Colorado 4
TOP OF THE 8TH
Pittsburgh Pirates batting - Pitching for Colorado Rockies : LHP Bill Ogren
Pitching: LHP Ron Reardon
Batting: SHB Brad Day 0-0: Ball
1-0: Called Strike
1-1: Ball
2-1: Foul Ball, location: 2F
2-2: Ground out 3-1 (Groundball, 13, EV 87.5 MPH)
Batting: RHB Bubba Tierney 0-0: Called Strike
0-1: Swinging Strike
0-2: Foul Ball, location: 2F
0-2: Foul Ball, location: 2F
0-2: Ball
1-2: SINGLE (Groundball, 34D, EV 98.1 MPH)
Batting: RHB Raul Mendoza 0-0: SINGLE (Groundball, 6MD, EV 98.8 MPH)
Bubba Tierney to second
Runner from 2nd tries for 3rd, SAFE, throw by CF made to third
Batting: SHB Marvin McAleer 0-0: Swinging Strike
0-1: Ball
1-1: Ball
2-1: Called Strike
2-2: Strikes out swinging
Batting: RHB Chris Pozzi 0-0: Ball
1-0: Foul Ball, location: 2F
1-1: Ground out U3 (Groundball, 3L, EV 105.6 MPH)
Top of the 8th over - 0 runs, 2 hits, 0 errors, 2 left on base; Pittsburgh 4 - Colorado 4
BOTTOM OF THE 8TH
Colorado Rockies batting - Pitching for Pittsburgh Pirates : RHP Jeremy Kennie
Pitching: RHP Ryan Sunday
Batting: SHB Chris Blue 0-0: Called Strike
0-1: Ball
1-1: Ball
2-1: Ball
3-1: Base on Balls
Batting: RHB Jason Andrews 0-0: Ball
1-0: Sac Bunt to 5S - play at first, batter OUT! 5-3
Chris Blue to second
Batting: LHB Robert Watson 0-0: Intentional Walk
Batting: LHB Mike Clark 0-0: Foul Ball, location: 2F
0-1: Foul Ball, location: 2F
0-2: Foul Ball, location: 2F
0-2: Strikes out swinging
Batting: SHB Bobby Santor 0-0: Called Strike
0-1: Ball
1-1: Foul Ball, location: 2F
1-2: Ball
2-2: Ball
3-2: Base on Balls
Chris Blue to third
Robert Watson to second
Pitching: RHP Hugo Rodriguez
Batting: LHB Freddy Troncoso 0-0: Called Strike
0-1: Ball
1-1: Ball
2-1: Ball
3-1: Called Strike
3-2: Fly out, F8 (Line Drive, 8LM, EV 101.9 MPH)
Bottom of the 8th over - 0 runs, 0 hits, 0 errors, 3 left on base; Pittsburgh 4 - Colorado 4
TOP OF THE 9TH
Pittsburgh Pirates batting - Pitching for Colorado Rockies : LHP Ron Reardon
Pitching: RHP Nate Dallman
Batting: LHB Jorge Quintana 0-0: Fly out, F8 (Flyball, 8LD, EV 96.9 MPH)
Batting: RHB Andrew Robinson 0-0: Ball
1-0: Foul Ball, location: 2F
1-1: DOUBLE (Line Drive, 9LS, EV 104.4 MPH)
Batting: RHB Eisse Bravenboer 0-0: Intentional Walk
Batting: RHB Luis Ramos 0-0: DOUBLE (Line Drive, 89M, EV 103.1 MPH)
Andrew Robinson scores
Eisse Bravenboer to third
Batting: SHB Brad Day 0-0: Ball
1-0: Ball
2-0: Swinging Strike
2-1: Foul Ball, location: 2F
2-2: Strikes out swinging
Batting: RHB Bubba Tierney 0-0: Ball
1-0: Ball
2-0: Swinging Strike
2-1: Ball
3-1: Foul Ball, location: 2F
3-2: Strikes out swinging
Top of the 9th over - 1 run, 2 hits, 0 errors, 2 left on base; Pittsburgh 5 - Colorado 4
BOTTOM OF THE 9TH
Colorado Rockies batting - Pitching for Pittsburgh Pirates : RHP Hugo Rodriguez
Pitching: LHP Jimmy Vanthournoutingtonle
Batting: RHB Eduardo Camacho 0-0: SINGLE (Groundball, 34D, EV 107.5 MPH)
Batting: RHB Justin Williams 0-0: Ball
1-0: Called Strike
1-1: Ball
2-1: Foul Ball, location: 2F
2-2: Foul Ball, location: 2F
2-2: Ball
3-2: 2-RUN HOME RUN (Flyball, 7LD, EV 96.9 MPH), Distance : 369 ft
Bottom of the 9th over - 2 runs, 2 hits, 0 errors, 0 left on base; Pittsburgh 5 - Colorado 6
Thursday, December 15th , 2022 - OOTP Baseball 23.9 Build 102